Semilg, neutral female human Valkyrie -- -.-- ----------...| |...--......- ----.........F.-- |..<........@h..| -.........f.-- -- ................| -....................-- --...............|....- -..........!....|-..... |.........*......|--.....| |.......G.......-- |....-- ---.|.|..--.----- ---.-- ------- -- -- Semilg the Stripling Experience level: 2 Strength: 18/02 Dexterity: 14 Constitution: 16 Intelligence: 9 Wisdom: 9 Charisma: 7 Health: 0(25) Energy: 6(6) Def: 9 Gold: 312 Moves: 617 Dungeon seed: kAirUcy_nZiFSkCl Game ID: Semilg_1553445989 Your Inventory: Coins $ - 312 gold pieces Weapons a - an uncursed +2 war hammer (weapon in hand) b - a blessed +0 dagger l - an uncursed +0 orcish dagger Armor e - an uncursed +3 small shield (being worn) n - an uncursed +0 pair of speed boots (being worn) q - an uncursed +0 scale mail (being worn) r - an uncursed +0 orcish cloak (being worn) Comestibles d - an uncursed food ration Scrolls i - an uncursed scroll of remove curse j - an uncursed scroll of enchant armor p - an uncursed scroll of scare monster Spellbooks o - an uncursed spellbook of force bolt Potions g - an uncursed potion of extra healing h - an uncursed potion of paralysis k - an uncursed potion of speed Rings m - a cursed -1 ring of protection Wands c - an uncursed wand of cold (0:4) Tools f - an uncursed oil lamp (0:1329) Spells and supernatural/magical abilities: Name Level Category Fail Memory W - pray for help -- divine ? -- Your skills at the end: Miscellaneous Skills shield [Basic] wands [Basic] Weapon Skills dagger [Basic] hammer [Basic] Spellcasting Skills Final Attributes: You were devoutly aligned. You were cold resistant. You were very stealthy. You could fly. You were held by a lichen. You were very fast. You are dead. Vanquished creatures: a gas spore a gnome 2 jackals a kobold a newt a goblin a grid bug 2 lichens a kobold zombie 11 creatures vanquished. Voluntary challenges: You went without food. You did not adorn yourself with jewelry or accessories. You did not cause conflict. You were not invisible. You did not have reflection. You were not displaced. You were an atheist. You used a wielded weapon 14 times, starting on turn 25. You did not use tools. You did not use plumbed fixtures. You did not drink any magical draughts. You were illiterate. You never genocided any monsters. You never polymorphed an object. You never changed form. You used no wishes. You never split a pudding. You never wrote Elbereth's name. You never violated your personal moral code. Dungeon overview: The Dungeons of Doom: levels 1 to 3 Level 1 some fountains a long staircase Level 2 a hardware shop stairs to The Gnomish Mines Level 3 The Gnomish Mines: Level 3 <- You were here stairs to The Dungeons of Doom History has recorded: On T:1 you entered the Dungeons of Doom to retrieve the Amulet of Yendor! On T:26 you reached level 2 of The Dungeons of Doom. On T:384 you advanced to experience level 2. On T:402 you reached level 3 of The Dungeons of Doom. On T:596 you reached level 1 of The Gnomish Mines. Score breakdown: Gold: 312 ( 31 points) Experience: 2 levels ( 100 points) Exploration: 3 levels ( 60 points) Discoveries: 10 items ( 500 points) Variety of kills: 9 monsters ( 450 points) Major goal: (nothing yet) ( 0 points) Survival: died (score multiplied by 3) Total score: 3423 Latest messages: You are caught in the gas spore's explosion! You hear the chime of a cash register. You destroy the kobold zombie! You displace Tigger. You hear the chime of a cash register. You see here 11 rocks. You see here a statue of a goblin. You try to move the boulder, but in vain. (3x) The grid bug misses. You kill the grid bug! You fly down along the stairs. The gnome punches you! You fly down along the stairs. You kill the gnome! The dwarf king wields a dagger! You hit the dwarf king! (3x) The lichen touches you! The dwarf king thrusts his dagger at you. The dwarf king stabs you! The dwarf king thrusts his dagger at you. The dwarf king stabs you! You die... Final status: Farvel Semilg the Valkyrie, killed by a dwarf king... You died in The Gnomish Mines on dungeon level 3 with 3423 points, and 312 pieces of gold, after 617 moves. You were level 2 with a maximum of 25 hit points when you died.